 Dungeon Crawl Stone Soup version 0.30.0-29-ga12c61a403 (webtiles) character file.

Game seed: 4877771874584538858

851 qw the Chopper (level 8, -2/48 HPs)
             Began as a Gargoyle Fighter on June 4, 2023.
             Killed from afar by a dart slug (4 damage)
             ... with a slug dart
             ... on level 5 of the Dungeon.
             The game lasted 00:02:12 (3878 turns).

qw the Chopper (Gargoyle Fighter)                   Turns: 3878, Time: 00:02:12

Health: -2/48      AC: 17    Str: 23    XL:     8   Next: 1%
Magic:  8/8        EV:  8    Int:  8    God:
Gold:   216        SH:  4    Dex:  9    Spells: 7/7 levels left

rFire   . . .        Y - +1 war axe (heavy)
rCold   . . .        c - +0 buckler
rNeg    + . .        j - +0 chain mail
rPois   inf          (no helmet)
rElec   +            e - +0 cloak
rCorr   .            h - +0 pair of gloves
SInv    .            (no boots)
Will    .....        (no amulet) Stlth
                     (no ring)
HPRegen 0.28/turn    (no ring)
MPRegen 0.11/turn

%: no passive effects
@: no status effects
A: sickness immunity, AC +5, negative energy resistance 1, electricity
resistance, torment resistance 1, petrification resistance
a: no special abilities


You were on level 5 of the Dungeon.
You visited 1 branch of the dungeon, and saw 5 of its levels.
You also visited: Sewer.

You collected 249 gold pieces.
You spent 33 gold pieces at shops.


Innate Abilities, Weirdness & Mutations

You are immune to sickness and miasma.
Your stone body is resilient. (AC +5)
You are immune to poison.
You resist negative energy. (rN+)
You are resistant to electric shocks. (rElec)
You are resistant to unholy torment.
You are immune to petrification.


   Skills:
 + Level 4.8 Fighting
 - Level 7.1 Axes
 - Level 1.7 Throwing
 - Level 3.2 Armour
 - Level 1.0 Dodging
 - Level 3.2 Shields


You had 7 spell levels left.
You didn't know any spells.
Your spell library was empty.

Inventory:

Hand Weapons
 l - a +0 morningstar
 Y - a +1 heavy war axe (weapon)
Missiles
 b - 3 boomerangs of dispersal (quivered)
Armour
 c - a +0 buckler (worn)
 e - a +0 cloak (worn)
 h - a +0 pair of gloves (worn)
 j - a +0 chain mail (worn)
Potions
 a - a potion of magic
 d - a potion of might
 f - a potion of brilliance {unknown}
 g - a potion of resistance {unknown}
 k - a potion of attraction {unknown}
 m - 4 potions of curing

Dungeon Overview and Level Annotations

Branches:
Dungeon (5/15)              Sewer (visited)
 Temple: D:4-7

Altars:
Qazlal

Shops:
D:1 *

Annotations:
D:5 Sigmund


Message History

Blork the orc is almost dead.
You slash the lemure! Blork the orc closely misses you.
Blork the orc hits you but does no damage.
The lemure hits you but does no damage. The lemure closely misses you.
Blork the orc hits you but does no damage.
You barely miss Blork the orc.
Blork the orc is almost dead.
You miss the lemure. Blork the orc hits you with a +0 mace!
The lemure barely misses you.
Blork the orc hits you but does no damage.
You slash Blork the orc!
You kill Blork the orc!
You hit the lemure but do no damage. You block the lemure's attack.
The lemure hits you but does no damage.
Your Axes skill increases to level 7!
You have reached level 8!
You feel stronger.
You barely miss the lemure.
The lemure is severely wounded.
You slash Pikel!
Pikel hits you with a +2 whip of freezing.
Pikel freezes you. The lemure closely misses you.
Pikel hits you but does no damage. The lemure barely misses you.
You slice the lemure!!
You kill the lemure!
That felt strangely unrewarding.
You slash Pikel!
An orc comes into view. It is wielding a +0 hand axe.
You block Pikel's attack. The orc hits you but does no damage.
Pikel hits you with a +2 whip of freezing.
Pikel freezes you.
The orc shouts!
You slice Pikel!!
You kill Pikel!
You slash the orc!
You kill the orc!
With Pikel's spell broken, his former minions thank you for their freedom.
The lemure departs this earthly plane. x2
The dart slug launches a dart at you. The slug dart hits you.
You die...

..... ...
.# ... ##
. ... ...
#. #.##
.... g
#w.#.o...
#
#))¤¤....
# #@# #
#.# #.#
#.# ##.#
#..# #.##
#.# #.# #


You could see a dart slug and an orc.

Vanquished Creatures
  Pikel (D:5)
  An ogre (D:4)
  A lemure (D:5)
  Blork the orc (D:5)
  2 scorpions (D:5)
  2 orc priests (D:5)
  2 hounds
  A jelly (D:4)
  Ijyb (D:4)
  A sleepcap (D:5)
  2 orc wizards (D:5)
  2 iguanas (D:4)
  11 adders
  2 gnolls (D:5)
  4 river rats (Sewer)
  An ufetubus (D:4)
  A worm (D:2)
  A dart slug (D:4)
  8 orcs
  8 endoplasms
  6 giant cockroaches
  10 goblins
  7 hobgoblins
  2 jackals (Sewer)
  4 quokkas
  9 ball pythons
  7 bats
  4 frilled lizards
  14 kobolds
  8 rats
124 creatures vanquished.

Notes
Turn   | Place    | Note
-------+----------+-------------------------------------------
     0 | D:1      | qw the Gargoyle Fighter began the quest for the Orb.
     0 | D:1      | Reached XP level 1. HP: 14/14 MP: 1/1
     0 | D:1      | 0 ||| qw: Version: 0.2-a-106-g05974ce
     0 | D:1      | 0 ||| qw: Game counter: 1140
     0 | D:1      | 0 ||| qw: Always use a shield: true
     0 | D:1      | 0 ||| qw: God list: Okawaru
     0 | D:1      | 0 ||| qw: Allow faded altars: false
     0 | D:1      | 0 ||| qw: Do Orc after D:15 true
     0 | D:1      | 0 ||| qw: Do second Lair branch before Depths: true
     0 | D:1      | 0 ||| qw: Lair rune preference: random
     0 | D:1      | 0 ||| qw: Plans: Normal, Zot:1-4, Slime:5, God:TSO, Crypt,
                  | Tomb, Abyss, Pan, Hells, Win
     0 | D:1      | 0 ||| PLANNING D:1-11
    20 | D:1      | Reached skill level 2 in Axes
    30 | D:1      | Reached XP level 2. HP: 18/19 MP: 2/2
   120 | D:1      | 120 ||| Stepping ~*~*~tactically~*~*~ (stealth).
   130 | D:1      | 130 ||| Stepping ~*~*~tactically~*~*~ (stealth).
   228 | D:1      | 228 ||| Stepping ~*~*~tactically~*~*~ (hiding).
   229 | D:1      | 229 ||| Stepping ~*~*~tactically~*~*~ (hiding).
   230 | D:1      | 230 ||| Stepping ~*~*~tactically~*~*~ (hiding).
   302 | D:1      | Reached skill level 3 in Axes
   380 | D:1      | Reached XP level 3. HP: 23/23 MP: 3/3
   462 | D:1      | Found Pam Rax's General Store.
   465 | D:1      | 465 ||| BUYING potion of curing (33 gold).
   465 | D:1      | Bought a potion of curing for 33 gold pieces
   465 | D:1      | 465 ||| SHOPLISTING potion of experience (550 gold, have
                  | 1).
   465 | D:1      | 465 ||| SHOPLISTING potion of mutation (88 gold, have 1).
   465 | D:1      | 465 ||| SHOPLISTING scroll of identify (22 gold, have 1).
   675 | D:1      | 675 ||| DROPPING scarf of invisibility.
   676 | D:1      | 676 ||| UPGRADING to +0 chain mail.
   686 | D:1      | 686 ||| DROPPING +0 scale mail.
   687 | D:1      | 687 ||| READING scroll labelled DOLETI UTHRITA.
   688 | D:1      | 688 ||| READING scroll labelled XOARCHEI BOHESM.
   689 | D:1      | 689 ||| READING scroll labelled EHALYS ABLYTAI.
   731 | D:2      | 731 ||| Stepping ~*~*~tactically~*~*~ (hiding).
   734 | D:2      | 734 ||| Stepping ~*~*~tactically~*~*~ (hiding).
   982 | D:2      | 982 ||| DROPPING +0 club.
  1085 | D:2      | Found a faded altar of an unknown god.
  1143 | D:2      | 1143 ||| Stepping ~*~*~tactically~*~*~ (stealth).
  1170 | D:2      | Reached XP level 4. HP: 28/28 MP: 4/4
  1517 | D:2      | Reached skill level 4 in Axes
  1697 | D:2      | 1697 ||| UPGRADING to +0 cloak.
  1702 | D:2      | 1702 ||| UPGRADING to +0 pair of gloves.
  1707 | D:2      | 1707 ||| READING 2 scrolls labelled NANORAI TAKKE.
  1708 | D:2      | 1708 ||| READING scroll labelled FOADOA XEREBB.
  1711 | D:2      | 1711 ||| READING scroll labelled EROGI RIEFYEM.
  1712 | D:2      | 1712 ||| DRINKING 2 inky potions.
  1713 | D:2      | 1713 ||| DROPPING scroll of noise.
  1714 | D:2      | 1714 ||| DROPPING potion of flight.
  1725 | D:3      | Found a glowing drain.
  1726 | D:3      | 1726 ||| PLANNING SEWER
  1760 | Sewer    | Entered a sewer
  1812 | Sewer    | 1812 ||| Stepping ~*~*~tactically~*~*~ (water).
  1913 | Sewer    | Reached XP level 5. HP: 32/32 MP: 5/5
  1938 | Sewer    | Reached skill level 5 in Axes
  1975 | Sewer    | 1975 ||| DROPPING potion of degeneration.
  1983 | D:3      | 1983 ||| PLANNING D:1-11
  2645 | D:3      | 2645 ||| READING 2 scrolls labelled HEUHYTULAID.
  2646 | D:3      | 2646 ||| READING scroll labelled ASHROMM YLOE.
  2647 | D:3      | 2647 ||| DRINKING 2 smoky amethyst potions.
  2648 | D:3      | 2648 ||| DROPPING scroll of poison.
  2699 | D:4      | Noticed an ogre
  2702 | D:4      | Killed an ogre
  2703 | D:4      | Reached XP level 6. HP: 21/40 MP: 6/6
  2792 | D:4      | 2792 ||| Stepping ~*~*~tactically~*~*~ (stealth).
  2902 | D:4      | Found a stormy altar of Qazlal.
  2908 | D:4      | Noticed Ijyb
  2916 | D:4      | Killed Ijyb
  2938 | D:4      | 2938 ||| FLEEEEING.
  2944 | D:4      | 2944 ||| STAIRDANCE
  2980 | D:4      | 2980 ||| Stepping ~*~*~tactically~*~*~ (stealth).
  3190 | D:4      | Identified the staff of poison "Parchol" {*Slow rPois rF+
                  | Str+2}
  3293 | D:4      | Reached skill level 6 in Axes
  3293 | D:4      | Reached XP level 7. HP: 43/44 MP: 7/7
  3507 | D:4      | 3507 ||| READING scroll labelled PEAXTOTZ TUADOING.
  3522 | D:5      | Entered Level 5 of the Dungeon
  3531 | D:5      | 3531 ||| FLEEEEING.
  3532 | D:5      | 3532 ||| STAIRDANCE
  3571 | D:5      | 3571 ||| Stepping ~*~*~tactically~*~*~ (hiding).
  3572 | D:5      | 3572 ||| Stepping ~*~*~tactically~*~*~ (hiding).
  3578 | D:5      | Reached skill level 1 in Dodging
  3590 | D:5      | 3590 ||| DROPPING +0 whip.
  3664 | D:5      | Noticed Sigmund
  3665 | D:5      | 3665 ||| Stepping ~*~*~tactically~*~*~ (hiding).
  3673 | D:5      | HP: 6/44 [something (6)]
  3674 | D:5      | 3674 ||| READING 2 scrolls of teleportation.
  3676 | D:5      | 3676 ||| Stepping ~*~*~tactically~*~*~ (hiding).
  3677 | D:5      | 3677 ||| READING scroll of teleportation.
  3678 | D:5      | HP: 5/44 [ufetubus (2)]
  3679 | D:5      | Reached skill level 1 in Throwing
  3853 | D:5      | Noticed Blork the orc
  3854 | D:5      | 3854 ||| Stepping ~*~*~tactically~*~*~ (hiding).
  3859 | D:5      | 3859 ||| DRINKING 5 potions of curing.
  3859 | D:5      | 3859 ||| (to cure confusion)
  3861 | D:5      | Noticed Pikel
  3874 | D:5      | HP: 10/44 [Blork the orc/+0 mace (7)]
  3875 | D:5      | Killed Blork the orc
  3876 | D:5      | Reached skill level 7 in Axes
  3876 | D:5      | Reached XP level 8. HP: 11/48 MP: 8/8
  3877 | D:5      | HP: 3/48 [Pikel/+2 whip of freezing (4)]
  3877 | D:5      | HP: 1/48 [Pikel/+2 whip of freezing (2)]
  3878 | D:5      | Killed Pikel
  3878 | D:5      | Killed from afar by a dart slug

Levels and vault maps discovered:
D:1:      eino_arrival_cavern_c, layout_rooms, serial_shops,
          nicolae_shop_window_shopping, minmay_misc_feat_five
D:2:      layout_basic, hellmonk_ecumenical_altar_crossroads
D:3:      layout_basic, gup_sewer_entry_glass, dk_noncrumbling_3
D:4:      layout_basic, lemuel_crystal_altar, minmay_strange_pillars, uniq_ijyb
D:5:      layout_rooms, hangedman_minor_gate_pass, uniq_blork_the_orc,
          uniq_sigmund, uniq_pikel

Skill      XL: |  1  2  3  4  5  6  7 |
---------------+----------------------+-----
Axes           | 2 3 4 5 6 7 |  7.1
Fighting       | 4 |  4.8
Dodging        | 1 |  1.0
Throwing       | 1 |  1.7
Armour         | |  3.2
Shields        | |  3.2

Action                     |  1- 3 |  4- 6 |  7- 9 || total
---------------------------+-------+-------+-------++-------
  Melee: War axe           |   107 |   169 |    45 ||   321
    Use: Scroll            |     3 |     5 |     3 ||    11
         Potion            |       |     2 |     1 ||     3
 Armour: Scale mail        |    39 |       |       ||    39
         Chain mail        |    14 |   120 |    56 ||   190
  Dodge: Dodged            |    40 |    76 |    33 ||   149
  Block: Buckler           |    14 |    35 |    17 ||    66

Table legend:
 A = Non-vault XP
 B = Vault XP
 C = Vault XP percentage of total XP
 D = Non-vault monster count
 E = Vault monster count
 F = Vault count percentage of total count
                 A         B        C        D         E       F
            +---------+---------+-------+---------+---------+-------
      Total |     970 |     891 |  47.9 |     101 |      22 |  17.9
            +---------+---------+-------+---------+---------+-------
        D:1 |      42 |       0 |   0.0 |      27 |       0 |   0.0
        D:2 |      70 |       0 |   0.0 |      20 |       0 |   0.0
        D:3 |      42 |      18 |  30.0 |      12 |       3 |  20.0
        D:4 |     342 |      39 |  10.2 |      24 |       1 |   4.0
        D:5 |     474 |     740 |  61.0 |      18 |       2 |  10.0
      Sewer |       0 |      94 | 100.0 |       0 |      16 | 100.0
            +---------+---------+-------+---------+---------+-------
